 Dungeon Crawl Stone Soup version 0.32-a0-411-g744942f433 (webtiles) character file.

Game seed: 18132021280796011318

637 pokeman the Thaumaturge (level 7, -1/38 HPs)
             Began as a Deep Elf Hedge Wizard on Feb 21, 2024.
             Slain by Pikel
             ... wielding a +1 whip of flaming
              (3 damage)
             ... on level 4 of the Dungeon.
             The game lasted 00:10:31 (4432 turns).

pokeman the Thaumaturge (Deep Elf Hedge Wizard)     Turns: 4432, Time: 00:10:32

Health: -1/38      AC:  5    Str:  7    XL:     7   Next: 25%
Magic:  21/30      EV: 12    Int: 21    God:
Gold:   108        SH:  0    Dex: 14    Spells: 15/23 levels left

rFire   . . .        s - +1 dagger (speed)
rCold   + . .        (no shield)
rNeg    . . .        b - +1 leather armour {rC+}
rPois   .            c - +0 hat
rElec   .            (no cloak)
rCorr   .            (no gloves)
SInv    .            o - +0 pair of boots
Will    .....        u - amulet of the acrobat
Stlth   ++           v - ring of magical power
HPRegen 0.26/turn    (no ring)
MPRegen 0.22/turn

%: acrobat
@: no status effects
A: no striking features
a: no special abilities


You were on level 4 of the Dungeon.
You visited 1 branch of the dungeon, and saw 4 of its levels.

You collected 108 gold pieces.

Inventory:

Hand Weapons
 s - a +1 dagger of speed (weapon)
Armour
 b - a +1 leather armour of cold resistance (worn)
 c - a +0 hat (worn)
 o - a +0 pair of boots (worn)
Magical Staves
 k - a staff of alchemy
Jewellery
 q - an amulet of faith
 u - an amulet of the acrobat (around neck)
 v - a ring of magical power (left hand)
Scrolls
 e - 4 scrolls of immolation {unknown}
 f - 5 scrolls of identify {unknown}
 h - a scroll of torment {unknown}
 m - 4 scrolls of poison {unknown}
 n - a scroll of blinking {unknown}
 r - a scroll of fear {unknown}
Potions
 a - a potion of attraction {unknown}
 d - a potion of magic
 g - a potion of ambrosia {unknown}
 i - a potion of brilliance {unknown}
 j - a potion of haste {unknown}
 l - 3 potions of enlightenment {unknown}
 p - 2 potions of curing {unknown}
 t - a potion of heal wounds {unknown}


   Skills:
 + Level 1.6 Fighting
 - Level 1.0 Armour
 - Level 3.0 Dodging
 - Level 3.0 Stealth
 * Level 8.8 Spellcasting
 + Level 3.5 Conjurations
 - Level 1.1 Summonings
 - Level 1.1 Translocations
 - Level 1.1 Air Magic
 - Level 1.0 Alchemy
 - Level 1.0 Evocations


You had 15 spell levels left.
You knew the following spells:

 Your Spells              Type           Power      Damage    Failure   Level
a - Magic Dart            Conj           96%        1d7       2%          1
b - Mephitic Cloud        Conj/Alch/Air  17%        N/A       14%         3
c - Call Imp              Summ           26%        N/A       11%         2
d - Blink                 Tloc           26%        N/A       11%         2

Your spell library contained the following spells:

 Spells                   Type           Power      Damage    Failure   Level
 Slow                     Hex            36%        N/A       11%         1
 Cigotuvi's Dreadful Rot  Necr/Alch/Air  24%        N/A       12%         2
 Call Canine Familiar     Summ           13%        N/A       21%         3
 Inner Flame              Hex/Fire       9%         N/A       32%         3
 Sigil of Binding         Hex            9%         N/A       32%         3
 Flame Wave               Conj/Fire      16%        2d7       45%         4
 Dimensional Bullseye     Hex/Tloc       5%         N/A       63%         4
 Sticky Flame             Fire/Alch      11%        2d5       65%         4


Dungeon Overview and Level Annotations

Branches:
Dungeon (4/15)
 Temple: D:4-7

Altars:

Annotations:
D:4 Pikel


Message History

Aiming: Magic Dart (safe; 2% risk of failure)
Press: ? - help, Shift-Dir - straight line, f/p - Pikel
Aim: Pikel, wielding a +1 whip of flaming and wearing a +0 robe (severely wounded, confused, 100% to hit)
The magic dart hits Pikel.
Pikel is severely wounded.
Unknown command.
You hit Pikel but do no damage.
Pikel is severely wounded.
Pikel is engulfed in noxious fumes.
Pikel hits you with a +1 whip of flaming.
Pikel burns you.
You closely miss Pikel.
Pikel is severely wounded.
You hit Pikel.
Pikel is severely wounded.
Pikel is engulfed in noxious fumes.
Pikel appears confused.
Pikel hits you with a +1 whip of flaming!
Pikel burns you.
You hit Pikel.
Pikel is severely wounded.
Pikel is engulfed in noxious fumes.
Pikel appears confused.
You barely miss Pikel.
Pikel is severely wounded.
You hit Pikel.
Pikel is severely wounded.
Pikel is engulfed in noxious fumes.
Pikel appears confused.
You hit Pikel.
Pikel is severely wounded.
Pikel is engulfed in noxious fumes.
Pikel appears confused.
Pikel hits himself with a +1 whip of flaming!
Pikel burns himself.
You hit Pikel but do no damage.
Pikel is almost dead.
You barely miss Pikel.
Pikel is almost dead.
Pikel is engulfed in noxious fumes.
Pikel appears confused.
Pikel hits you with a +1 whip of flaming!
* * * LOW HITPOINT WARNING * * *
Pikel burns you.
You die...

.......#.# #.###...##
.......#.####.......##
..............###...#. ##
..............#####.#. .#
....................#. .#
###############.......######..
.#
#..............(.....<.......>
.#
#.#############......#.#######
####.#..........@K......+.. #
.......###########......# #
####.########### ########
#.#### #.<#..รท........#
#..... #.############.# ######
#..............# #
#############..# # #.# #..#
####### #.# #..# (......


You could see Pikel (confused).

Vanquished Creatures
  Sigmund (D:2)
  An ogre (D:4)
  4 lemures (D:4)
  A phantom (D:3)
  An orc priest (D:3)
  2 orc wizards (D:2)
  10 adders
  A gnoll (D:3)
  8 orcs
  7 endoplasms
  2 giant cockroaches (D:3)
  11 goblins
  6 hobgoblins
  8 jackals
  2 quokkas (D:2)
  7 ball pythons
  7 bats
  3 frilled lizards
  4 kobolds
  6 rats
92 creatures vanquished.

Notes
Turn   | Place    | Note
-------+----------+-------------------------------------------
     0 | D:1      | pokeman the Deep Elf Hedge Wizard began the quest for the
                  | Orb.
     0 | D:1      | Reached XP level 1. HP: 10/10 MP: 7/7
   250 | D:1      | Reached XP level 2. HP: 16/16 MP: 2/9
   992 | D:2      | Reached skill level 5 in Spellcasting
  1067 | D:2      | Reached XP level 3. HP: 20/20 MP: 4/11
  1071 | D:2      | Learned a level 3 spell: Mephitic Cloud
  1074 | D:2      | Learned a level 2 spell: Call Imp
  1077 | D:2      | Learned a level 2 spell: Blink
  1392 | D:2      | HP: 1/20 [poison]
  1498 | D:1      | Reached skill level 1 in Fighting
  1498 | D:1      | Reached skill level 1 in Armour
  1878 | D:2      | Reached XP level 4. HP: 24/25 MP: 2/13
  2049 | D:2      | Reached skill level 6 in Spellcasting
  2192 | D:2      | Reached XP level 5. HP: 24/29 MP: 6/15
  2323 | D:2      | Noticed Sigmund
  2337 | D:2      | Killed Sigmund
  2338 | D:2      | Reached skill level 7 in Spellcasting
  2338 | D:2      | Reached XP level 6. HP: 34/34 MP: 12/18
  2814 | D:3      | Reached skill level 8 in Spellcasting
  3012 | D:3      | Reached skill level 1 in Evocations
  3647 | D:3      | Reached skill level 1 in Alchemy
  3733 | D:3      | Reached skill level 1 in Air Magic
  3736 | D:3      | Reached XP level 7. HP: 25/38 MP: 8/20
  3833 | D:4      | Noticed Pikel
  4432 | D:4      | Slain by Pikel

Illustrated notes

Levels and vault maps discovered:
D:1:      dpeg_arrival_rhombus, layout_basic, hex_intersection,
          minmay_misc_feat_rugged, minmay_misc_feat_room, roderic_roman_lattice,
          chequers_arboretum
D:2:      layout_rooms, minmay_close_crescents, uniq_sigmund
D:3:      layout_loops_ring, minmay_strange_pillars, minmay_diced_spiral
D:4:      layout_basic, serial_curves, eino_curves_01, eino_curves_02,
          eino_curves_02, uniq_pikel

Skill      XL: |  1  2  3  4  5  6 |
---------------+-------------------+-----
Spellcasting   | 5 6 7 8 |  8.8
Fighting       | 1 |  1.6
Armour         | 1 |  1.0
Conjurations   | 2 3 |  3.5
Stealth        | 3 |  3.0
Dodging        | 3 |  3.0
Evocations     | 1 |  1.0
Alchemy        | 1 |  1.0
Air Magic      | 1 |  1.1
Summonings     | |  1.1
Translocations | |  1.1

Action                     |  1- 3 |  4- 6 |  7- 9 || total
---------------------------+-------+-------+-------++-------
  Melee: Dagger            |    13 |    56 |    67 ||   136
   Cast: Magic Dart        |    95 |   122 |    29 ||   246
         Mephitic Cloud    |     6 |     5 |     8 ||    19
         Blink             |     1 |       |       ||     1
         Call Imp          |       |       |     2 ||     2
   Stab: Confused          |       |     6 |    10 ||    16
 Armour: Robe              |    18 |     2 |       ||    20
         Leather armour    |       |    43 |    18 ||    61
  Dodge: Dodged            |    27 |    53 |    12 ||    92

Table legend: (Time is in decaauts)
 A = Elapsed time spent in this place.
 B = Non-inter-level travel time spent in this place.
 C = Inter-level travel time spent in this place.
 D = Time resting spent in this place.
 E = Time spent auto-exploring this place.
 F = Levels seen in this place.
 G = Mean time per level.
                   A        B        C        D        E       F      G
               +--------+--------+--------+--------+--------+-----+--------+
         Total |   4404 |   4169 |    235 |    449 |   3008 |   4 | 1101.0 |
       Dungeon |   4404 |   4169 |    235 |    449 |   3008 |   4 | 1101.0 |
               +--------+--------+--------+--------+--------+-----+--------+

Top non-repeatable levels by time:
     D:3: 1358 daAuts
     D:1: 1277 daAuts
     D:2: 1266 daAuts
     D:4: 502 daAuts
